 Dungeon Crawl Stone Soup version 0.20-a0-2-g2b0e13a (console) character file.

100 Blackmore the Chiller (level 4, -6/24 HPs)
             Began as a Deep Elf Ice Elementalist on Oct 28, 2016.
             Killed by nerve-wracking pain
             ... invoked by Menkaure
              (13 damage)
             ... on level 4 of the Dungeon.
             The game lasted 00:11:49 (3025 turns).

Blackmore the Chiller (Deep Elf Ice Elementalist)   Turns: 3025, Time: 00:11:54

Health: -6/24      AC:  2    Str:  5    XL:     4   Next: 46%
Magic:  1/12       EV: 13    Int: 21    God:
Gold:   173        SH:  0    Dex: 15    Spells: 4 memorised, 2 levels left

rFire  . . .     SeeInvis .     l - +0 dagger
rCold  . . .     Gourm    .     a - +0 robe
rNeg   . . .     Faith    .     (no shield)
rPois  .         Spirit   .     (no helmet)
rElec  .         Reflect  .     (no cloak)
rCorr  .         Harm     .     (no gloves)
MR     .....                    (no boots)
Stlth  ++........               (no amulet)
                                (no ring)
                                (no ring)

@: lethally poisoned (-6 -> -14), very slightly contaminated
A: no striking features
a: no special abilities


You were on level 4 of the Dungeon.
You were hungry.

You visited 1 branch of the dungeon, and saw 4 of its levels.

You collected 173 gold pieces.

Inventory:

Hand Weapons
 l - a +0 dagger (weapon)
Armour
 a - a +0 robe (worn)
Jewellery
 n - an uncursed ring of flight {unknown}
 p - an uncursed amulet of rage {unknown}
 q - a cursed amulet of inaccuracy {unknown}
Scrolls
 e - 2 scrolls of identify
 h - a scroll of teleportation {unknown}
 k - a scroll of enchant weapon {unknown}
 r - a scroll of random uselessness {unknown}
Potions
 g - a potion of curing {unknown}
 i - 2 potions of flight
 m - a potion of might {unknown}
Books
 b - a book of Frost

   Spells                             Type                      Level
   a - Freeze                         Ice                          1
   b - Throw Frost                    Conjuration/Ice              2
   c - Ozocubu's Armour               Charms/Ice                   3
   d - Throw Icicle                   Conjuration/Ice              4
   e - Summon Ice Beast               Ice/Summoning                4
 j - a book of the Warp

   Spells                             Type                      Level
   a - Gell's Gravitas                Hexes/Translocation          3
   b - Portal Projectile              Translocation                3
   c - Force Lance                    Conjuration/Translocation    4
   d - Dispersal                      Translocation                6
   e - Controlled Blink               Translocation                8
   f - Disjunction                    Translocation                8
Comestibles
 c - 2 bread rations
 d - 2 meat rations
 f - a beef jerky
 o - 3 chunks of flesh


   Skills:
 + Level 2.6 Dodging
 + Level 2.6 Stealth
 * Level 4.6 Spellcasting
 + Level 1.1 Conjurations
 * Level 4.8 Ice Magic


You had 2 spell levels left.
You knew the following spells:

 Your Spells              Type           Power        Failure   Level  Hunger
a - Freeze                Ice            ####         1%          1    None
b - Throw Frost           Conj/Ice       ###...       6%          2    #......
c - Ozocubu's Armour      Chrm/Ice       ###.....     14%         3    ##.....
d - Throw Icicle          Conj/Ice       ###.....     34%         4    ####...


Dungeon Overview and Level Annotations

Branches:
Dungeon (4/15)
 Temple: D:4-7

Altars:
Nemelex Xobeh

Annotations:
D:4 Menkaure


Message History

Unknown command.
Unknown command.
Unknown command.
A worker ant comes into view.
The worker ant twitches its antennae in your direction.
Menkaure calls on the powers of darkness!
Your body is wracked with pain!
The worker ant convulses!
The worker ant waves its antennae.
Menkaure calls on the powers of darkness!
Your body is wracked with pain!
The worker ant convulses!
The worker ant closely misses you.
There is a stone staircase leading down here.
The worker ant bites you.
* * * LOW HITPOINT WARNING * * *
You are lethally poisoned!
The worker ant poisons you! Menkaure casts a spell at you.
Pain shoots through your body!
Ouch! That really hurt!
You die...

#. #. #. ####.###
.......#########
######....@a......
.......M.#########
#######..######
...............
#####..##..........
#..<#..##..........
#.###..##..........
#......##..........
#..##.###......(...


You could see Menkaure and a worker ant.

Vanquished Creatures
  2 adders
  2 oozes
  3 worms
  A dart slug (D:2)
  4 orcs (D:3)
  4 giant cockroaches
  6 goblins
  4 hobgoblins
  2 jackals (D:1)
  11 kobolds
  2 quokkas
  2 ball pythons (D:3)
  7 bats
  2 frilled lizards
  5 rats
57 creatures vanquished.

Notes
Turn   | Place    | Note
-------+----------+-------------------------------------------
     0 | D:1      | Blackmore the Deep Elf Ice Elementalist began the quest for the Orb.
     0 | D:1      | Reached XP level 1. HP: 10/10 MP: 6/6
   388 | D:1      | Reached XP level 2. HP: 9/15 MP: 0/8
  1048 | D:2      | Reached XP level 3. HP: 19/19 MP: 5/10
  1144 | D:2      | Learned a level 2 spell: Throw Frost
  2048 | D:3      | Reached XP level 4. HP: 24/24 MP: 12/12
  2057 | D:3      | Learned a level 3 spell: Ozocubu's Armour
  2062 | D:3      | Learned a level 4 spell: Throw Icicle
  2664 | D:3      | Found a sparkling altar of Nemelex Xobeh.
  3020 | D:4      | Noticed Menkaure
  3025 | D:4      | Killed from afar by Menkaure

Vault maps used:
D:1:      minmay_arrival_stone_box
D:3:      first_bread, amethyst_killhole, corner_web_ring,
          nemelex_xobeh_ov_fountains_minmay
D:4:      zin_statuary, serial_bayou_lagoon_b, uniq_menkaure

Skill      XL: |  1  2  3 |
---------------+----------+-----
Ice Magic      | 4 |  4.8
Spellcasting   | 4 |  4.6
Dodging        | |  2.6
Stealth        | |  2.6
Conjurations   | |  1.1

Action                   |  1- 3 |  4- 6 || total
-------------------------+-------+-------++-------
Melee: Dagger            |    20 |    18 ||    38
 Cast: Freeze            |    46 |    14 ||    60
       Throw Frost       |     7 |     6 ||    13
       Throw Icicle      |       |     1 ||     1
  Use: Scroll            |     4 |       ||     4
 Stab: Sleeping          |     4 |     4 ||     8
       Distracted        |     1 |       ||     1
  Eat: Chunk             |     3 |     3 ||     6
Armor: Robe              |     7 |     4 ||    11
Dodge: Dodged            |    28 |    17 ||    45
